 Seeded DCSS version 0.30.1-11-g7821555f0a (webtiles) character file.

Game seed: 3782068419145777066 (custom seed)

2877 fireball365 the Cleaver (level 9, 0/79 HPs)
             Began as a Hill Orc Fighter on Nov 22, 2023.
             Was an Initiate of Gozag.
             Slain by a black bear (2 damage)
             ... on level 8 of the Dungeon.
             The game lasted 00:12:27 (6962 turns).

fireball365 the Cleaver (Hill Orc Fighter)          Turns: 6962, Time: 00:12:28

Health: 0/79       AC: 14    Str: 23    XL:     9   Next: 76%
Magic:  9/9        EV:  9    Int: 12    God:    Gozag
Gold:   430        SH:  0    Dex: 10    Spells: 8/8 levels left

rFire   . . .        t - +12 executioner's axe "Xeof" {freeze, rC+ Int+4}
rCold   + . .        (shield currently unavailable)
rNeg    . . .        p - +0 chain mail
rPois   .            (no helmet)
rElec   .            x - +1 cloak
rCorr   .            g - +0 pair of gloves
SInv    .            (no boots)
Will    .....        D - amulet "Wimpiple" {Rampage Regen+} Stlth
                     (no ring)
HPRegen 1.13/turn    (no ring)
MPRegen 0.11/turn

%: rampage
@: lethally poisoned (0 -> -3), about to teleport, gold aura
A: no striking features
a: Renounce Religion, Potion Petition, Call Merchant, Bribe Branch


You were on level 8 of the Dungeon.
You worshipped Gozag.
Gozag was aware of your devotion.
You visited 2 branches of the dungeon, and saw 9 of its levels.
You also visited: Ossuary.

You collected 1296 gold pieces.
You spent 732 gold pieces at shops.
You paid 134 gold pieces to Gozag.

Inventory:

Hand Weapons
 l - a +1 heavy war axe
 t - the +12 executioner's axe "Xeof" (weapon) {freeze, rC+ Int+4}
   (You acquired it on level 5 of the Dungeon)

   Int:       It affects your intelligence (+4).
   rC:        It protects you from cold.
Missiles
 i - 3 throwing nets (quivered)
Armour
 g - a +0 pair of gloves (worn)
 p - a +0 chain mail (worn)
 x - a +1 cloak (worn)
 F - a +0 tower shield
Jewellery
 D - the amulet "Wimpiple" (around neck) {Rampage Regen+}
   (You acquired it on level 6 of the Dungeon)

   [amulet of regeneration]

   Regen:     It increases your rate of health regeneration.
   Rampage:   It bestows one free step when moving towards enemies.
 E - a ring of magical power
Wands
 v - a wand of mindburst (11)
 w - a wand of paralysis (7)
Scrolls
 a - a scroll of magic mapping {unknown}
 c - 5 scrolls of teleportation
 e - a scroll of amnesia
 h - 4 scrolls of fear
 j - 2 scrolls of torment {unknown}
 n - a scroll of blinking
 q - 4 scrolls of vulnerability
 y - a scroll of immolation
 z - a scroll of enchant armour {unknown}
 C - a scroll of fog {unknown}
 H - a scroll of identify
Potions
 b - 2 potions of attraction {unknown}
 d - 2 potions of might
 f - 2 potions of lignification {unknown}
 k - a potion of haste {unknown}
 m - 6 potions of curing {unknown}
 o - 2 potions of flight {unknown}
 r - 2 potions of heal wounds {unknown}
 s - a potion of ambrosia {unknown}
 u - a potion of cancellation {unknown}
 A - 2 potions of degeneration {unknown}
 B - 2 potions of brilliance {unknown}
 G - a potion of resistance {unknown}


   Skills:
 + Level 7.3 Fighting
 + Level 13.0 Axes
 + Level 6.8 Armour
 + Level 1.9 Dodging
 + Level 1.6 Stealth
 + Level 4.0 Shields


You had 8 spell levels left.
You didn't know any spells.
Your spell library contained the following spells:

 Spells                   Type           Power      Damage    Failure   Level
 Foxfire                  Conj/Fire      0%         2x1d4     86%         1
 Kiss of Death            Conj/Necr      0%         2d5       86%         1
 Confusing Touch          Hex            0%         N/A       99%         3
 Ozocubu's Armour         Ice            0%         N/A       99%         3
 Cause Fear               Hex            0%         N/A       100%        4
 Dispel Undead            Necr           0%         3d6       100%        4
 Fireball                 Conj/Fire      0%         3d3       100%        5
 Plasma Beam              Fire/Air       0%         2x1d11    100%        6
 Starburst                Conj/Fire      0%         6d3       100%        6
 Statue Form              Tmut/Erth      0%         N/A       100%        6
 Dragon Form              Tmut           0%         N/A       100%        7
 Ozocubu's Refrigeration  Ice            0%         4d7       100%        7
 Dragon's Call            Summ           0%         N/A       100%        9


Dungeon Overview and Level Annotations

Branches:
Dungeon (8/15)             Temple (1/1) D:5            Lair (0/5) D:8
Ossuary (visited)

Altars:
Ashenzari
Cheibriados
Dithmenos
Elyvilon
Gozag
Hepliaklqana
Kikubaaqudgha
Okawaru
Ru
Sif Muna
Uskayaw
Vehumet
Wu Jian
Zin
The Shining One

Shops:
D:1 (:[?   D:3 [


Message History

The arrow hits you.
* * * LOW HITPOINT WARNING * * *
The scorpion stings you but does no damage.
The centaur shoots an arrow.
The arrow closely misses you.
The arrow hits the black bear.
The black bear bites you but does no damage.
The black bear claws you but does no damage.
The black bear misses you.
The scorpion stings you but does no damage.
As you read the scroll of teleportation, it crumbles to dust.
You feel strangely unstable.
A nearby fungus withers and dies.
The centaur shoots an arrow.
The arrow hits you but does no damage. The scorpion stings you.
* * * LOW HITPOINT WARNING * * *
The black bear barely misses you.
The black bear claws you but does no damage. x2
The centaur shoots an arrow.
The arrow barely misses you.
The arrow hits the black bear!
You barely miss the scorpion. You slash the plant! You freeze the plant.
You slash the black bear! You freeze the black bear.
You kill the black bear!
You barely miss the black bear.
A nearby plant withers and dies.
The scorpion stings you.
* * * LOW HITPOINT WARNING * * *
You are poisoned.
The scorpion poisons you! The black bear closely misses you.
The black bear claws you.
* * * LOW HITPOINT WARNING * * *
The black bear closely misses you. The scorpion stings you.
* * * LOW HITPOINT WARNING * * *
You slice the scorpion!! You freeze the scorpion!
You kill the scorpion!
You completely miss the steam dragon. You barely miss the black bear.
You slash the centaur! You freeze the centaur.
You feel very sick. The black bear bites you.
* * * LOW HITPOINT WARNING * * *
The black bear claws you.
You die...
Your body crumbles into a pile of gold.

#.######............
#.# ###....#####.#
######..#>.......
...P.P..#######.#
........$.......#
.P.PPP$.$$..####
PP.PP....$....#
PPPP...PP..D..###
?PP.PP.P...$@...#
.....P.....hc...#
.P..P...PP.P....#
hP..>.PP..PP....#
D.PPPP......P..#


PPP.PPP..P.P.# ..PPPP......# .PPP......### You could see a steam dragon, a black
bear and a centaur.

Vanquished Creatures
  A yak (D:8)
  A steam dragon (D:6)
  2 water moccasins
  Duvessa (D:4)
  4 black bears
  An orc warrior (D:7)
  2 sky beasts (D:7)
  2 centaurs
  4 bullfrogs
  2 scorpions
  Dowan (D:4)
  2 howler monkeys
  2 hounds
  A centaur zombie (Ossuary)
  4 human zombies (Ossuary)
  4 jellies
  Crazy Yiuf (D:3)
  4 orc priests
  A gnoll bouda (D:5)
  5 iguanas
  Natasha (D:4)
  4 orc wizards
  2 hound zombies (Ossuary)
  3 mummies (Ossuary)
  10 adders
  7 gnolls
  2 ufetubi
  7 adder zombies (Ossuary)
  2 worms (D:2)
  4 dart slugs
  16 orcs
  6 endoplasms
  5 giant cockroaches
  6 goblins
  10 hobgoblins
  5 jackals
  A quokka (D:5)
  7 ball pythons
  4 bats
  A frilled lizard (D:2)
  A gnoll zombie (Ossuary)
  2 goblin zombies (Ossuary)
  5 hobgoblin zombies (Ossuary)
  A jackal zombie (Ossuary)
  4 kobolds
  5 kobold zombies (Ossuary)
  An orc zombie (Ossuary)
  3 quokka zombies (Ossuary)
  7 rats
  2 rat zombies (Ossuary)
179 creatures vanquished.

Vanquished Creatures (others)
  An orc (D:6)
1 creature vanquished.

Grand Total: 180 creatures vanquished

Notes
Turn   | Place    | Note
-------+----------+-------------------------------------------
     0 | D:1      | fireball365 the Hill Orc Fighter began the quest for the
                  | Orb.
     0 | D:1      | Reached XP level 1. HP: 19/19 MP: 1/1
    35 | D:1      | Found Veyto's Magic Scroll Shoppe.
   136 | D:1      | Found Daizow's Antique Armour Emporium.
   193 | D:1      | Reached XP level 2. HP: 27/27 MP: 2/2
   273 | D:1      | Found Holor's Weapon Emporium.
   415 | D:1      | Found Aweeb's Book Shoppe.
   475 | D:1      | Reached skill level 3 in Axes
   577 | D:1      | Reached XP level 3. HP: 33/33 MP: 3/3
  1228 | D:2      | Reached XP level 4. HP: 38/40 MP: 4/4
  1433 | D:2      | Reached skill level 4 in Axes
  1433 | D:2      | Reached skill level 1 in Dodging
  1715 | D:3      | Found a faded altar of an unknown god.
  1716 | D:3      | Found a shadowy altar of Dithmenos.
  1743 | D:3      | Found an ornate altar of the Wu Jian Council.
  1768 | D:3      | Reached XP level 5. HP: 46/46 MP: 5/5
  1819 | D:3      | Found Xazut's Antique Armour Shoppe.
  2208 | D:3      | Found a runed translucent door.
  2209 | D:3      | Noticed Crazy Yiuf
  2213 | D:3      | Killed Crazy Yiuf
  2385 | D:4      | Reached skill level 5 in Axes
  2404 | D:4      | Reached XP level 6. HP: 35/53 MP: 6/6
  2531 | D:4      | Noticed Duvessa
  2533 | D:4      | Noticed Dowan
  2540 | D:4      | Killed Duvessa
  2541 | D:4      | Reached skill level 6 in Axes
  2568 | D:4      | Killed Dowan
  2784 | D:4      | Reached XP level 7. HP: 43/60 MP: 7/7
  3214 | D:4      | Noticed Natasha
  3223 | D:4      | Killed Natasha
  3224 | D:4      | Reached skill level 7 in Axes
  3748 | D:5      | Entered Level 5 of the Dungeon
  3750 | D:5      | Found a staircase to the Ecumenical Temple.
  3768 | Temple   | Entered the Ecumenical Temple
  3804 | Temple   | Became a worshipper of Gozag Ym Sagoz the Greedy
  3840 | D:5      | Identified a scroll of acquirement
  3840 | D:5      | Acquired the +12 executioner's axe "Xeof" {freeze, rC+
                  | Int+4}
  3929 | D:5      | Reached skill level 5 in Armour
  4068 | D:5      | Found a sand-covered staircase.
  4089 | Ossuary  | Entered an ossuary
  4255 | Ossuary  | Reached skill level 5 in Fighting
  4255 | Ossuary  | Reached skill level 8 in Axes
  4355 | Ossuary  | Reached XP level 8. HP: 52/68 MP: 8/8
  4495 | D:5      | Reached skill level 9 in Axes
  5209 | D:6      | Reached skill level 10 in Axes
  5425 | D:6      | Reached skill level 11 in Axes
  5544 | D:6      | Got the Quarto of Crystalline Cinders
  5599 | D:6      | Reached XP level 9. HP: 75/75 MP: 9/9
  6041 | D:1      | Bought a scroll of teleportation for 36 gold pieces
  6041 | D:1      | Bought a scroll of teleportation for 36 gold pieces
  6041 | D:1      | Bought a scroll of teleportation for 36 gold pieces
  6041 | D:1      | Bought a scroll of acquirement for 624 gold pieces
  6303 | D:6      | Acquired the amulet "Wimpiple" {Rampage Regen+}
  6674 | D:7      | Reached skill level 12 in Axes
  6812 | D:8      | Reached skill level 1 in Stealth
  6938 | D:8      | Found a staircase to the Lair.
  6949 | D:8      | Reached skill level 13 in Axes
  6962 | D:8      | HP: 2/79 [black bear (4)]
  6962 | D:8      | Slain by a black bear

Illustrated notes

Levels and vault maps discovered:
D:1:      dpeg_arrival_oval, layout_basic, serial_shops, shop, shop_coins,
          nicolae_shop_overgrown_old_shop, shop
D:2:      layout_rooms
D:3:      layout_basic, mainiacjoe_overflow_catch_the_wave,
          ebering_ecumenical_altar_rust, serial_shops, shop,
          uniq_crazy_yiuf_cottage
D:4:      layout_cave_pods, uniq_duvessa, uniq_natasha
D:5:      layout_loops_ring, minmay_temple_entry_waves, enter_ossuary_3,
          kennysheep_cluttered_room
D:6:      layout_gridville, minmay_checkerbox
D:7:      layout_rooms
D:8:      layout_basic, due_lair_maze_entry_diamond, dreamdust_wishing_well
Temple:   nicolae_temple_bog_church

Skill      XL: |  1  2  3  4  5  6  7  8  9 |
---------------+----------------------------+-----
Axes           | 3 4 5 6 8 11 13 | 13.0
Armour         | 4 5 6 |  6.8
Fighting       | 4 5 6 7 |  7.3
Dodging        | 1 |  1.9
Shields        | 4 |  4.0
Stealth        | 1 |  1.6

Action                     |  1- 3 |  4- 6 |  7- 9 || total
---------------------------+-------+-------+-------++-------
  Melee: War axe           |   111 |    92 |    21 ||   224
         Executioner's axe |       |       |   184 ||   184
    Use: Scroll            |       |     5 |     5 ||    10
   Stab: Distracted        |       |       |     2 ||     2
 Armour: Scale mail        |    75 |    29 |       ||   104
         Chain mail        |       |    71 |   163 ||   234
  Dodge: Dodged            |    54 |    57 |   101 ||   212
  Block: Buckler           |    27 |    38 |     3 ||    68
